 Dungeon Crawl Stone Soup version 0.19.0-19-g8c6edcc (webtiles) character file.

93 vev the Ducker (level 4, -1/29 HPs)
             Began as a Halfling Fire Elementalist on Nov 14, 2016.
             Killed from afar by Natasha (10 damage)
             ... with a magic dart
             ... on level 2 of the Dungeon.
             The game lasted 00:03:46 (1428 turns).

vev the Ducker (Halfling Fire Elementalist)         Turns: 1428, Time: 00:03:47

Health: -1/29      AC:  7    Str: 10    XL:     4   Next: 92%
Magic:  6/6        EV: 13    Int: 18    God:
Gold:   70         SH:  0    Dex: 14    Spells: 1 memorised, 5 levels left

rFire  . . .     SeeInvis .     d - +0 hand axe
rCold  . . .     Gourm    .     t - +0 ring mail
rNeg   . . .     Faith    .     (shield restricted)
rPois  .         Spirit   .     (no helmet)
rElec  .         Reflect  .     (no cloak)
rCorr  .         Harm     .     l - +0 pair of gloves
MR     .....                    m - +0 pair of boots
Stlth  +.........               (no amulet)
                                (no ring)
                                (no ring)

@: brilliant
A: mutation resistance 1
a: no special abilities


You were on level 2 of the Dungeon.
You were not hungry.

You visited 1 branch of the dungeon, and saw 2 of its levels.

You collected 70 gold pieces.

Inventory:

Hand Weapons
 d - a +0 hand axe (weapon)
 f - a +2 short sword of holy wrath
Armour
 a - a +0 robe
 l - a +0 pair of gloves (worn)
 m - a +0 pair of boots (worn)
 t - a +0 ring mail (worn)
Wands
 s - a wand of slowing (20/48)
Scrolls
 i - a scroll of noise {unknown}
 j - 2 scrolls of remove curse {unknown}
 k - a scroll of teleportation {unknown}
 n - 2 scrolls of recharging {unknown}
 o - 2 scrolls of magic mapping {unknown}
Potions
 e - a potion of brilliance
 g - a potion of resistance {unknown}
 h - a potion of cure mutation {unknown}
 p - a potion of heal wounds {unknown}
 q - a potion of might {unknown}
 r - a potion of lignification {unknown}
Books
 b - a book of Flames

   Spells                             Type                      Level
   a - Flame Tongue                   Conjuration/Fire             1
   b - Throw Flame                    Conjuration/Fire             2
   c - Conjure Flame                  Conjuration/Fire             3
   d - Inner Flame                    Hexes/Fire                   3
   e - Sticky Flame                   Conjuration/Fire             4
   f - Fireball                       Conjuration/Fire             5
Comestibles
 c - 2 bread rations
 u - 9 chunks of flesh
 v - 2 fruits


   Skills:
 + Level 1.7 Fighting
 * Level 2.6 Axes
 + Level 3.1 Dodging
 - Level 2.1 Stealth
 - Level 1.5 Spellcasting
 - Level 0.7 Conjurations
 - Level 3.0 Fire Magic


You had 5 spell levels left.
You knew the following spells:

 Your Spells              Type           Power        Failure   Level  Hunger
a - Flame Tongue          Conj/Fire      ###..        3%          1    ##.....


Dungeon Overview and Level Annotations

Branches:
Dungeon (2/15)

Altars:

Annotations:
D:2 Natasha


Innate Abilities, Weirdness & Mutations

You are small and have problems with some larger weapons.
You are somewhat resistant to further mutation.


Message History

You closely miss the hobgoblin. The hobgoblin misses you.
You hit the hobgoblin but do no damage. The hobgoblin misses you.
You slash the hobgoblin!
You kill the hobgoblin!
Natasha claws you.
You barely miss Natasha. Natasha claws you!
You are too injured to fight recklessly!
You hit Natasha.
Natasha is moderately wounded.
Natasha stares at you and mumbles some strange words.
The magic dart hits you!
* * * LOW HITPOINT WARNING * * *
You hit Natasha but do no damage.
Natasha is moderately wounded.
Natasha completely misses you.
It was a potion of brilliance.
You feel clever all of a sudden. Natasha casts a spell at you.
The magic dart hits you!
You die...

....###.#..........#
.....##.#.........## #
##..............[.# ..
##>...#.#####..####....
#.##..................
# ##..####.##.##....<
.###.................
###......##.####.###...
.....###.##. #@#
###.#....#..# #h#
......)...... .g.
.........#... ..$.?
....................
......)..............
........#> ...........
.....<..# .............
.(......#


You could see Natasha and a goblin.

Vanquished Creatures
  Terence (D:2)
  An adder (D:2)
  A gnoll (D:1)
  2 dart slugs
  3 leopard geckos (D:2)
  A giant cockroach (D:1)
  4 goblins (D:1)
  7 hobgoblins
  3 jackals (D:1)
  5 kobolds
  A ball python (D:1)
  6 bats (D:1)
  3 frilled lizards
  6 rats
44 creatures vanquished.

Notes
Turn   | Place    | Note
-------+----------+-------------------------------------------
     0 | D:1      | vev the Halfling Fire Elementalist began the quest for the Orb.
     0 | D:1      | Reached XP level 1. HP: 11/11 MP: 3/3
    49 | D:1      | Reached skill level 1 in Axes
    62 | D:1      | Reached XP level 2. HP: 6/18 MP: 4/4
   450 | D:1      | Reached skill level 1 in Fighting
   554 | D:1      | Reached XP level 3. HP: 21/23 MP: 5/5
  1122 | D:2      | Noticed Terence
  1132 | D:2      | Reached skill level 2 in Axes
  1132 | D:2      | Reached XP level 4. HP: 28/28 MP: 6/6
  1153 | D:2      | Reached skill level 3 in Dodging
  1281 | D:2      | Killed Terence
  1337 | D:2      | Found a faded altar of an unknown god.
  1417 | D:2      | Noticed Natasha
  1428 | D:2      | Killed from afar by Natasha

Skill      XL: |  1  2  3  4 |
---------------+-------------+-----
Axes           | 1 2 |  2.6
Fighting       | 1 |  1.7
Dodging        | 3 |  3.1
Stealth        | |  2.1
Spellcasting   | |  1.5
Conjurations   | |  0.7
Fire Magic     | |  3.0

Action                   |  1- 3 |  4- 6 || total
-------------------------+-------+-------++-------
Melee: Hand axe          |   124 |    60 ||   184
  Use: Potion            |       |     1 ||     1
 Stab: Sleeping          |     3 |       ||     3
  Eat: Chunk             |     1 |     1 ||     2
Armor: Robe              |    37 |     3 ||    40
       Ring mail         |       |    12 ||    12
Dodge: Dodged            |   138 |    44 ||   182
